 Dungeon Crawl Stone Soup version 0.23-a0-487-gc6253629db (webtiles) character file.

294 Naow the Chopper (level 6, -4/47 HPs)
             Began as a Formicid Fighter on Dec 1, 2018.
             Slain by ZanderDzel's ghost (14 damage)
             ... on level 3 of the Dungeon.
             The game lasted 00:06:26 (3760 turns).

Naow the Chopper (Formicid Fighter)                 Turns: 3760, Time: 00:06:26

Health: -4/47      AC:  6    Str: 22    XL:     6   Next: 60%
Magic:  6/6        EV:  8    Int:  8    God:
Gold:   69         SH:  9    Dex: 10    Spells: 5/5 levels left

rFire    . . .     SeeInvis +   a - +0 war axe
rCold    . . .     Gourm    .   c - +0 shield
rNeg     . . .     Faith    .   b - +0 scale mail
rPois    .         Spirit   .   (helmet unavailable)
rElec    .         Reflect  .   (no cloak)
rCorr    .         Harm     .   (no gloves)
MR       .....                  (no boots)
Stlth    ..........             (no amulet)
HPRegen  0.15/turn              (no ring)
MPRegen  0.10/turn              (no ring)

@: no status effects
A: permanent stasis, dig shafts and tunnels, four strong arms, antennae 3
a: Dig, Shaft Self


You were on level 3 of the Dungeon.
You were not hungry.

You visited 1 branch of the dungeon, and saw 3 of its levels.

You collected 69 gold pieces.

Inventory:

Hand Weapons
 a - a +0 war axe (weapon)
Armour
 b - a +0 scale mail (worn)
 c - a +0 shield (worn)
Jewellery
 m - a +4 ring of intelligence {unknown}
 p - an uncursed amulet of rage {unknown}
 s - an uncursed amulet of harm {unknown}
Scrolls
 e - 3 scrolls of identify {unknown}
 h - 3 scrolls of magic mapping {unknown}
 i - a scroll of teleportation {unknown}
 o - 2 scrolls of enchant weapon {unknown}
 t - a scroll of fear {unknown}
 u - a scroll of random uselessness {unknown}
Potions
 d - a potion of might
 j - 2 potions of ambrosia {unknown}
 k - a potion of cancellation {unknown}
 l - a potion of agility {unknown}
 n - a potion of brilliance {unknown}
 q - 2 potions of haste {unknown}
 r - a potion of mutation {unknown}
Comestibles
 f - 5 rations


   Skills:
 - Level 3.3 Fighting
 + Level 6.3 Axes
 - Level 3.4 Armour
 - Level 3.8 Shields


You had 5 spell levels left.
You didn't know any spells.
Your spell library was empty.

Dungeon Overview and Level Annotations

Branches:
Dungeon (3/15)

Altars:
Fedhas
Uskayaw
Xom

Annotations:
D:3 Skallagrim's ghost, weakling FeTm; ZanderDzel's ghost, novice FoFi; yrara's ghost, amateur DsFi


Innate Abilities, Weirdness & Mutations

You cannot be hasted, slowed, berserked, paralysed or teleported.
You can dig through walls and to a lower floor.
Your four strong arms can wield two-handed weapons with a shield.
You have a pair of large antennae on your head. (SInv)


Message History

ZanderDzel's ghost is lightly damaged.
ZanderDzel's ghost lets out a mournful wail.
You block ZanderDzel's ghost's attack.
You barely miss ZanderDzel's ghost.
ZanderDzel's ghost is lightly damaged.
ZanderDzel's ghost hits you.
You slash ZanderDzel's ghost!
ZanderDzel's ghost is moderately damaged.
ZanderDzel's ghost hits you! You block ZanderDzel's ghost's attack.
You hit ZanderDzel's ghost.
ZanderDzel's ghost is heavily damaged.
You block ZanderDzel's ghost's attack.
You closely miss ZanderDzel's ghost.
ZanderDzel's ghost is heavily damaged.
ZanderDzel's ghost hits you!
* * * LOW HITPOINT WARNING * * *
You hit ZanderDzel's ghost but do no damage.
ZanderDzel's ghost is moderately damaged.
ZanderDzel's ghost hits you!
You die...

#.#.##.# #.# ##...## ##......#
#.#### ##.....# ##.##.####
#.##.## ##.<######
#...#.#######.#...####...#.8?=###
.....................'...#....8##
#...#.#####.#.#...####.W.#......#
.........##.#....## ##..'......
#>###.##.##)###.#######..'...$.⌠
#.# #.##.##>....@WW......'.....P
#.###.##.#####..##W.....[#......
#.#...##.# #..##.>.....#....8#
#>######.# #...........#$8((###
..##_# #.# #.###.......######..
###..###.# #...............####
#..#..### #####...........#
##.#...# ########...## .#...#.#
##.##


You could see Skallagrim's ghost, ZanderDzel's ghost and yrara's ghost.

Vanquished Creatures
  The ghost of esho the Sneak, an amateur OpAs (D:3)
  A crimson imp (D:3)
  An orc priest (D:3)
  3 gnolls (D:3)
  2 adders (D:2)
  An ooze (D:2)
  3 worms (D:3)
  4 dart slugs
  5 leopard geckos
  3 orcs (D:3)
  A ball python (D:3)
  7 bats
  4 giant cockroaches
  12 goblins
  6 hobgoblins
  5 jackals
  3 kobolds
  5 quokkas
  3 frilled lizards
  10 rats
80 creatures vanquished.

Vanquished Creatures (others)
  A withered plant (D:3)
1 creature vanquished.

Grand Total: 81 creatures vanquished

Notes
Turn   | Place    | Note
-------+----------+-------------------------------------------
     0 | D:1      | Naow the Formicid Fighter began the quest for the Orb.
     0 | D:1      | Reached XP level 1. HP: 18/18 MP: 1/1
   207 | D:1      | Reached XP level 2. HP: 24/24 MP: 2/2
   661 | D:1      | Reached XP level 3. HP: 27/29 MP: 3/3
   731 | D:1      | Reached skill level 3 in Axes
  1533 | D:2      | Reached XP level 4. HP: 29/35 MP: 4/4
  1697 | D:2      | Reached skill level 4 in Axes
  1937 | D:3      | Reached XP level 5. HP: 38/41 MP: 5/5
  2188 | D:3      | Reached skill level 5 in Axes
  2374 | D:3      | Found a runed gate.
  2374 | D:3      | Found a runed gate.
  2374 | D:3      | Found a runed gate.
  2376 | D:3      | Noticed esho's ghost (amateur OpAs)
  2376 | D:3      | Noticed Skallagrim's ghost (weakling FeTm)
  2377 | D:3      | Noticed ZanderDzel's ghost (novice FoFi)
  2382 | D:3      | Noticed yrara's ghost (amateur DsFi)
  2748 | D:3      | Found a shimmering altar of Xom.
  2915 | D:3      | Reached XP level 6. HP: 34/47 MP: 6/6
  3056 | D:3      | Found a blossoming altar of Fedhas.
  3490 | D:3      | Killed esho's ghost
  3490 | D:3      | Reached skill level 6 in Axes
  3513 | D:2      | Found a hide-covered altar of Uskayaw.
  3760 | D:3      | Slain by ZanderDzel's ghost

Vault maps used:
D:1:      mainiacjoe_arrival_reflecting_pool, minmay_misc_feat_x
D:2:      nicolae_overflow_hidden_temple
D:3:      marbit_many_paths, gammafunk_ghost_cemetery, grunt_ministairs_15,
          grunt_decor_arrowhead, fedhas_altar_fruit_tree

Skill      XL: |  1  2  3  4  5  6 |
---------------+-------------------+-----
Axes           | 3 4 5 6 |  6.3
Fighting       | |  3.3
Armour         | |  3.4
Shields        | |  3.8

Action                   |  1- 3 |  4- 6 || total
-------------------------+-------+-------++-------
Melee: War axe           |   125 |   166 ||   291
  Eat: Chunk             |     2 |     6 ||     8
       Ration            |       |     1 ||     1
Armor: Scale mail        |    70 |    62 ||   132
Dodge: Dodged            |    30 |    41 ||    71
Block: Shield            |    64 |    77 ||   141

Table legend:
 A = Non-vault XP
 B = Vault XP
 C = Vault XP percentage of total XP
 D = Non-vault monster count
 E = Vault monster count
 F = Vault count percentage of total count
                 A         B        C        D         E       F
            +---------+---------+-------+---------+---------+-------
      Total |     310 |     110 |  26.2 |      77 |       3 |   3.8
            +---------+---------+-------+---------+---------+-------
        D:1 |      52 |       0 |   0.0 |      29 |       0 |   0.0
        D:2 |      54 |       0 |   0.0 |      16 |       0 |   0.0
        D:3 |     204 |     110 |  35.0 |      32 |       3 |   8.6
            +---------+---------+-------+---------+---------+-------
